 Dungeon Crawl Stone Soup version 0.32-a0-928-g1cae6b7ea0 (webtiles) character file.

Game seed: 1292706894951724278

4 kae the Changeling (level 1, 0/15 HPs)
             Began as a Demonspawn Shapeshifter on Apr 12, 2024.
             Slain by a jackal (1 damage)
             ... on level 1 of the Dungeon.
             The game lasted 00:00:07 (118 turns).

kae the Changeling (Demonspawn Shapeshifter)         Turns: 118, Time: 00:00:08

Health: 0/15       AC:  2    Str: 14    XL:     1   Next: 58%
Magic:  1/1        EV: 11    Int: 10    God:
Gold:   12         SH:  0    Dex: 12    Spells: 0/0 levels left

rFire   . .          .
                       - Unarmed
rCold   . . .        (no shield)
rNeg    . . .        a - +0 animal skin
rPois   .            (helmet currently unavailable)
rElec   .            (cloak currently unavailable)
rCorr   .            (gloves currently unavailable)
SInv    .            (boots currently unavailable)
Will    .....        (no amulet)
Stlth   +            (no ring)
HPRegen 0.22/turn    (no ring)
MPRegen 0.07/turn

%: no passive effects
@: beast-form
A: beast (slay +1)
a: Begin Untransformation


You were on level 1 of the Dungeon.
You were a hulking beast.
You visited 1 branch of the dungeon, and saw 1 of its levels.

You collected 12 gold pieces.


   Skills:
 - Level 1.0 Fighting
 - Level 1.7 Dodging
 + Level 2.8 Unarmed Combat
 * Level 2.9 Shapeshifting


You couldn't memorise any spells.
You didn't know any spells.
Your spell library was empty.

Inventory:

Armour
 a - a +0 animal skin (worn)
Talismans
 c - a beast talisman (active)
 d - a flux talisman
Scrolls
 e - a scroll of enchant weapon {unknown}
Potions
 b - a potion of lignification {!q}

Dungeon Overview and Level Annotations

Branches:
Dungeon (1/15) Zot: 5881

Altars:

#.########.##.##.
###..........##.##.
#......#####.##....
#.####.# #..†.##.
#.#####.####†#
#..####.
#...†.....##.##
#.......
#######.......#
#...#### #.......#
#...# ##hh###.#
#...#
#.............#
..#####..#.#..#
#..#.# . #... .
...## . ..## #. ...


You could see a jackal.


Message History

Bad channel name 'pray' for runrest: 'pray:' Options error: Missing colour in message_colour setting: 'that.*feels deathly cold' Options error: Missing colour in message_colour setting: 'and you must be Full or above to equip it' Options error: Missing colour in message_colour setting: 'but rights himself reflexively soon after' Options error: Missing colour in message_colour setting: 'before it is too late' ✅ Successfully initialized magus.rc [v1.11.3] Welcome, kae the Demonspawn Shapeshifter.
Will you be the one to retrieve the astounding Orb of Zot from the depths?
Press ? for a list of commands and other information.
Found a staircase leading out of the dungeon.
You open the large door.
Found a stone staircase leading down.
There is a large open door here.
There is a large open door here.
A frilled lizard comes into view.
A frilled lizard is nearby!
The frilled lizard hisses angrily.
A frilled lizard is nearby!
The frilled lizard bites you but does no damage.
A frilled lizard is nearby!
You miss the frilled lizard. The frilled lizard misses you.
You hit the frilled lizard.
You kill the frilled lizard!
e - a scroll labelled VIUF EHUUTRIT No target in view!
No target in view!
A frilled lizard comes into view.
You see here 12 gold pieces.
You hit the frilled lizard.
You kill the frilled lizard!
No target in view!
You now have 12 gold pieces.
A rat comes into view.
A rat is nearby!
A rat is nearby!
A jackal comes into view.
The rat squeaks loudly.
The rat misses you.
A rat is nearby!
You hit the rat.
You kill the rat!
No target in view!
The jackal barks!
A hobgoblin comes into view.
The jackal bites you. 😕 HP[-3]
You take 3 damage, and now have 12/15 hp.
There are monsters nearby!
The hobgoblin shouts!
You hit the jackal. The jackal barely misses you.
You hit the jackal but do no damage. The jackal barely misses you.
A jackal comes into view. 😕 HP[+1]
There are monsters nearby!
The jackal barks!
You hit the jackal but do no damage.
You hear a shout!
The jackal bites you but does no damage. x2
You hit the jackal. The jackal barely misses you.
There are monsters nearby!
You hit the jackal.
You kill the jackal!
The jackal closely misses you.
You closely miss the hobgoblin. You punch the hobgoblin.
The hobgoblin hits you. The jackal bites you. 😮 HP[-4]
You take 4 damage, and now have 9/15 hp.
MASSIVE DAMAGE!! (PAUSE)
You barely miss the jackal. The hobgoblin closely misses you.
The jackal barely misses you.
Unknown command.
You hit the hobgoblin but do no damage.
The jackal bites you but does no damage.
The hobgoblin hits you.
* * * LOW HITPOINT WARNING * * *
😨 HP[-5]
You take 5 damage, and now have 4/15 hp.
MASSIVE DAMAGE!! (PAUSE)
You hit the hobgoblin.
You kill the hobgoblin!
The jackal closely misses you. x2
The jackal bites you.
* * * LOW HITPOINT WARNING * * *
You see here a hobgoblin corpse. 😱 HP[-1]
You take 1 damage, and now have 3/15 hp.
You miss the jackal.
The jackal bites you but does no damage. 😨 HP[+1]
You hit the jackal. The jackal bites you.
* * * LOW HITPOINT WARNING * * *
The jackal bites you.
* * * LOW HITPOINT WARNING * * *
😱 HP[-3]
You take 3 damage, and now have 1/15 hp.
You closely miss the jackal. The jackal closely misses you.
Unknown command.
You closely miss the jackal. The jackal barely misses you.
You hit the jackal. The jackal bites you.
You die...

Action                     || total
---------------------------++-------
  Melee: Unarmed           ||    18
         Punch             ||     1
 Armour: Animal skin       ||    13
  Dodge: Dodged            ||    12

Levels and vault maps discovered:
D:1:      dpeg_arrival_simpleton_b, layout_loops_cross

Notes
Turn   | Place    | Note
-------+----------+-------------------------------------------
     0 | D:1      | kae the Demonspawn Shapeshifter began the quest for the
                  | Orb.
     0 | D:1      | Reached XP level 1. HP: 15/15 MP: 1/1
     0 | D:1      | magus.rc [v1.11.3]
   113 | D:1      | HP: 3/15 [jackal (1)]
   115 | D:1      | HP: 1/15 [jackal (2)]
   118 | D:1      | Slain by a jackal

Vanquished Creatures
  A hobgoblin (D:1)
  A jackal (D:1)
  2 frilled lizards (D:1)
  A rat (D:1)
5 creatures vanquished.

Table legend:
 A = Non-vault XP
 B = Vault XP
 C = Vault XP percentage of total XP
 D = Non-vault monster count
 E = Vault monster count
 F = Vault count percentage of total count
                 A         B        C        D         E       F
            +---------+---------+-------+---------+---------+-------
      Total |       7 |       0 |   0.0 |       5 |       0 |   0.0
            +---------+---------+-------+---------+---------+-------
        D:1 |       7 |       0 |   0.0 |       5 |       0 |   0.0
            +---------+---------+-------+---------+---------+-------

Action                     || total
---------------------------++-------
  Melee: Unarmed           ||    18
         Punch             ||     1
 Armour: Animal skin       ||    13
  Dodge: Dodged            ||    12

Illustrated notes

Table legend:
 A = Kills in this place as a percentage of kills in the entire game.
 B = Kills by you in this place as a percentage of kills by you in the entire game.
 C = Kills by friends in this place as a percentage of kills by friends in the entire game.
 D = Other kills in this place as a percentage of other kills in the entire game.
 E = Experience gained in this place as a percentage of experience gained in the entire game.
 F = Experience gained in this place divided by the number of levels of this place that you have seen.
                   A       B       C       D       E      F
               +-------+-------+-------+-------+-------+----------------------
         Total | 100.0 | 100.0 |   N/A |   N/A | 100.0 |   7.0
       Dungeon | 100.0 | 100.0 |   N/A |   N/A | 100.0 |   7.0
               +-------+-------+-------+-------+-------+----------------------

Table legend: (Time is in decaauts)
 A = Elapsed time spent in this place.
 B = Non-inter-level travel time spent in this place.
 C = Inter-level travel time spent in this place.
 D = Time resting spent in this place.
 E = Time spent auto-exploring this place.
 F = Levels seen in this place.
 G = Mean time per level.
                   A        B        C        D        E       F      G
               +--------+--------+--------+--------+--------+-----+--------+
         Total |    117 |    117 |      0 |      0 |     85 |   1 |  117.0 |
       Dungeon |    117 |    117 |      0 |      0 |     85 |   1 |  117.0 |
               +--------+--------+--------+--------+--------+-----+--------+

Top non-repeatable levels by time:
     D:1: 117 daAuts
